 Dungeon Crawl Stone Soup version 0.30-a0-840-ga523dec638 (webtiles) character file.

Game seed: 7196139839518170638

911 cforsyth the Covert (level 8, -2/49 HPs)
             Began as a Kobold Brigand on Mar 2, 2023.
             Was an Initiate of Hepliaklqana.
             Splashed by a jelly's acid (9 damage)
             ... on level 4 of the Dungeon.
             The game lasted 00:08:14 (3413 turns).

cforsyth the Covert (Kobold Brigand)                Turns: 3413, Time: 00:08:15

Health: -2/49      AC: -1    Str:  8    XL:     8   Next: 30%
Magic:  7/7        EV: 16    Int: 11    God:    Hepliaklqana [......]
Gold:   264        SH:  0    Dex: 18    Spells: 7/7 levels left

rFire   . . .      SeeInvis .    a - +2 dagger
rCold   . . .      Faith    .    (no shield)
rNeg    + . .      Spirit   .    i - +1 leather armour {rN+}
rPois   .          Reflect  .    (no helmet)
rElec   .          Harm     .    g - +2 cloak
rCorr   .          Rampage  .    (no gloves)
Will    .....                    (no boots)
Stlth   +++++                    (no amulet)
HPRegen 1.08/turn                (no ring)
MPRegen 0.10/turn                (no ring)

@: corroded
A: small, no large weapons, nightstalker 3, dopey 1, low MP 1, regeneration 1
a: Renounce Religion


You were on level 4 of the Dungeon.
You worshipped Hepliaklqana.
Hepliaklqana was noncommittal.
You visited 1 branch of the dungeon, and saw 4 of its levels.
You also visited: Ossuary.

You collected 264 gold pieces.

Inventory:

Hand Weapons
 a - a +2 dagger (weapon)
 f - a +2 quick blade of distortion
Missiles
 d - 27 poisoned darts (quivered)
 e - 3 curare-tipped darts
Armour
 b - a +0 robe
 g - a +2 cloak (worn)
 i - a +1 leather armour of positive energy (worn)
Jewellery
 x - a ring of resist corrosion
 z - a ring of see invisible
Scrolls
 l - 2 scrolls of enchant weapon {unknown}
 p - a scroll of teleportation
 r - a scroll of fear
 s - a scroll of magic mapping {unknown}
Potions
 c - 2 potions of curing
 h - a potion of berserk rage {unknown}
 j - 2 potions of degeneration {unknown}
 k - 2 potions of ambrosia
 m - 2 potions of lignification {unknown}
 n - 2 potions of might
 o - 3 potions of attraction
 q - 4 potions of flight


   Skills:
 + Level 5.2 Fighting
 + Level 6.3 Short Blades
 - Level 2.1 Throwing
 + Level 5.4 Dodging
 + Level 8.3 Stealth


You had 7 spell levels left.
You didn't know any spells.
Your spell library contained the following spells:

 Spells                   Type           Power      Damage    Failure   Level
 Magic Dart               Conj           0%         1d3       45%         1
 Sting                    Tmut/Pois      0%         1d3       45%         1
 Poisonous Vapours        Pois/Air       0%         N/A       61%         2
 Searing Ray              Conj           0%         2d4       61%         2
 Fulminant Prism          Conj/Hex       0%         3d5       99%         4
 Olgreb's Toxic Radiance  Pois           0%         N/A       99%         4


Dungeon Overview and Level Annotations

Branches:
Dungeon (4/15)             Temple (0/1) D:4         Ossuary (visited)

Altars:
Hepliaklqana
Zin


Innate Abilities, Weirdness & Mutations

You are small and have problems with some larger weapons.
You are completely attuned to the shadows.
You are dopey. (Int -2)
Your magical capacity is low. (-10% MP)
Your natural rate of healing is unusually fast.


Message History

You are too injured to fight recklessly!
You are too injured to fight recklessly!
You are too injured to fight recklessly!
You are too injured to fight recklessly!
You are too injured to fight recklessly!
You are too injured to fight recklessly!
You are too injured to fight recklessly!
You barely miss the jelly.
The jelly is heavily wounded.
You hit the jelly.
Your hands burn!
The jelly is severely wounded.
The jelly misses you. The endoplasm closely misses you.
You barely miss the jelly.
The jelly is severely wounded.
The jelly misses you. The endoplasm closely misses you.
You hit the jelly.
Your hands burn!
The jelly is almost dead.
You hit the jelly but do no damage. The acid corrodes you!
Your hands burn!
The jelly is almost dead.
The jelly completely misses you. The endoplasm hits you.
You hit the jelly but do no damage.
Your hands burn!
* * * LOW HITPOINT WARNING * * *
The jelly is almost dead.
The jelly hits you.
* * * LOW HITPOINT WARNING * * *
You are splashed with acid.
* * * LOW HITPOINT WARNING * * *
The endoplasm misses you.
You hit the jelly. The acid corrodes you!
Your hands burn!
* * * LOW HITPOINT WARNING * * *
The jelly is almost dead.
You feel better. The jelly hits you.
* * * LOW HITPOINT WARNING * * *
The acid corrodes you!
You are splashed with acid!
* * * LOW HITPOINT WARNING * * *
The endoplasm barely misses you.
You feel better. The jelly hits you.
* * * LOW HITPOINT WARNING * * *
You are splashed with acid!
You die...

.##.#......>......#.........#.###
.##......................#.......
.............##############.#.###
.#...........######### ##### #
.##..........##..÷...########## #
..'..........##.P..P.'##......###
###........#.##...÷.÷#)#....)..##
.######+####.##..÷.P.#.#...)....'
.# #.....# #.##.@....#.#....)...'
.###.....###.##PPJ.÷÷#.#'#....).'
...........#.##.J....#.#.#.....##
.............##P...PP#.#.#...)###
..........#.###?.....##.#########
[...#.....#..###################.
......######.########### #.......
......# #..............###...##..
......# #.....########....>.....#


You could see a jelly and an endoplasm.

Vanquished Creatures
  2 black bears (D:4)
  4 elf zombies (Ossuary)
  A centaur zombie (Ossuary)
  2 human zombies (Ossuary)
  2 jellies (D:4)
  A gnoll bouda (D:4)
  A hound (D:4)
  An iguana (D:4)
  2 mummies (Ossuary)
  5 adders
  4 gnolls
  3 worms
  2 dart slugs
  2 orcs
  5 ball pythons
  5 bats
  14 endoplasms
  2 giant cockroaches (D:2)
  2 hobgoblins
  5 jackals
  11 kobolds
  4 quokkas
  A frilled lizard (D:1)
  8 goblins
  A goblin zombie (Ossuary)
  13 hobgoblin zombies (Ossuary)
  8 kobold zombies (Ossuary)
  7 orc zombies (Ossuary)
  2 rats
  A rat zombie (Ossuary)
121 creatures vanquished.

Vanquished Creatures (others)
  7 toadstools (D:4)
7 creatures vanquished.

Grand Total: 128 creatures vanquished

Notes
Turn   | Place    | Note
-------+----------+-------------------------------------------
     0 | D:1      | cforsyth the Kobold Brigand began the quest for the Orb.
     0 | D:1      | Reached XP level 1. HP: 12/12 MP: 1/1
    86 | D:1      | Reached XP level 2. HP: 18/18 MP: 2/2
   265 | D:1      | Reached XP level 3. HP: 18/22 MP: 3/3
   796 | D:2      | Reached XP level 4. HP: 11/27 MP: 4/4
   977 | D:2      | Found a faded altar of an unknown god.
  1122 | D:2      | Reached skill level 6 in Stealth
  1869 | D:3      | Reached XP level 5. HP: 11/32 MP: 5/5
  2296 | D:4      | Found a hazy altar of Hepliaklqana.
  2299 | D:4      | Became a worshipper of Hepliaklqana the Forgotten
  2302 | D:4      | Identified a scroll of acquirement
  2302 | D:4      | Acquired a +2 quick blade of distortion
  2388 | D:4      | Noticed a black bear
  2391 | D:4      | Killed a black bear
  2392 | D:4      | Reached XP level 6. HP: 38/38 MP: 6/6
  2423 | D:4      | Found a staircase to the Ecumenical Temple.
  2538 | D:4      | Found a glowing silver altar of Zin.
  2614 | D:4      | Noticed a black bear
  2620 | D:4      | Gained mutation: Your natural rate of healing is unusually
                  | fast. [potion of mutation]
  2620 | D:4      | Gained mutation: You have hidden genetic defects. [potion
                  | of mutation]
  2631 | D:4      | Reached skill level 7 in Stealth
  2635 | D:4      | Killed a black bear
  2636 | D:4      | Reached skill level 5 in Short Blades
  2636 | D:4      | Reached XP level 7. HP: 16/43 MP: 7/7
  2639 | D:4      | Found a sand-covered staircase.
  2643 | D:4      | Gained mutation: Your magical capacity is low. (-10% MP)
                  | [hidden defects]
  2645 | Ossuary  | Entered an ossuary
  2887 | Ossuary  | Gained mutation: You are dopey. (Int -2) [hidden defects]
  2887 | Ossuary  | Lost mutation: You have hidden genetic defects. [hidden
                  | defects expressed]
  3043 | Ossuary  | Reached skill level 5 in Dodging
  3043 | Ossuary  | Reached skill level 8 in Stealth
  3043 | Ossuary  | Reached XP level 8. HP: 45/48 MP: 7/7
  3080 | Ossuary  | Reached skill level 5 in Fighting
  3411 | D:4      | HP: 2/49 [acid (7)]
  3413 | D:4      | Splashed by a jelly's acid

Illustrated notes

Levels and vault maps discovered:
D:1:      dpeg_arrival_more_subterranean_lakeside_camping, layout_rooms
D:2:      layout_loops_cross, hellmonk_ecumenical_altar_pennies_from_heaven,
          serial_aquarium, aquarium_bridge_straight [aquarium_subvault_bridge,
          aquarium_subvault_window, aquarium_subvault_bridge,
          aquarium_subvault_balcony], aquarium_bridge_island_small
          [aquarium_subvault_small_water, aquarium_subvault_bridge,
          aquarium_subvault_wall, aquarium_subvault_bridge,
          aquarium_subvault_wall], aquarium_window_double,
          aquarium_window_double, aquarium_window_corridor_3, aquarium_view_2a,
          minivault_11, chequers_decorated_corner
D:3:      layout_basic
D:4:      cheibrodos_fertilizer, layout_basic, old_standard_altar,
          mainiacjoe_overflow_large_starburst, minmay_temple_entry_wispy,
          enter_ossuary_1

Skill      XL: |  1  2  3  4  5  6  7  8 |
---------------+-------------------------+-----
Short Blades   | 3 4 5 6 |  6.3
Dodging        | 2 3 4 5 |  5.4
Fighting       | 3 4 5 |  5.2
Stealth        | 6 7 8 |  8.3
Throwing       | |  2.1

Action                     |  1- 3 |  4- 6 |  7- 9 || total
---------------------------+-------+-------+-------++-------
  Melee: Dagger            |    69 |   118 |   363 ||   550
         Punch             |       |     2 |     5 ||     7
    Use: Scroll            |       |     9 |       ||     9
         Potion            |       |    10 |     2 ||    12
   Stab: Sleeping          |    14 |    19 |    23 ||    56
         Distracted        |       |     1 |       ||     1
 Armour: Robe              |     5 |       |       ||     5
         Leather armour    |     5 |    27 |    41 ||    73
  Dodge: Dodged            |    35 |    77 |   134 ||   246

Table legend: (Time is in decaauts)
 A = Elapsed time spent in this place.
 B = Non-inter-level travel time spent in this place.
 C = Inter-level travel time spent in this place.
 D = Time resting spent in this place.
 E = Time spent auto-exploring this place.
 F = Levels seen in this place.
 G = Mean time per level.
                   A        B        C        D        E       F      G
               +--------+--------+--------+--------+--------+-----+--------+
         Total |   3282 |   3185 |     97 |      0 |   2108 |   5 |  656.4 |
       Dungeon |   2881 |   2784 |     97 |      0 |   2037 |   4 |  720.2 |
       Ossuary |    400 |    400 |      0 |      0 |     71 |   1 |  400.0 |
               +--------+--------+--------+--------+--------+-----+--------+

Top non-repeatable levels by time:
     D:2: 958 daAuts
     D:1: 741 daAuts
     D:4: 606 daAuts
     D:3: 574 daAuts
 Ossuary: 400 daAuts
